 Dungeon Crawl Stone Soup version 0.22-a0-223-g0f5d773 (webtiles) character file.

39 varam the Digger (level 3, -1/21 HPs)
             Began as an Octopode Earth Elementalist on Feb 18, 2018.
             Slain by a hobgoblin
             ... wielding a +0 club
              (4 damage)
             ... on level 2 of the Dungeon.
             The game lasted 00:04:57 (1158 turns).

varam the Digger (Octopode Earth Elementalist)      Turns: 1158, Time: 00:04:57

Health: -1/21      AC:  1    Str:  7    XL:     3   Next: 47%
Magic:  0/7        EV: 13    Int: 18    God:
Gold:   31         SH:  0    Dex: 12    Spells: 3/7 levels left

rFire    . . .     SeeInvis .   (no weapon)
rCold    . . .     Gourm    .   (no shield)
rNeg     . . .     Faith    .   (helmet restricted)
rPois    .         Spirit   .   (no amulet)
rElec    .         Reflect  .   (no ring)
rCorr    .         Harm     .   (no ring)
MR       .....                  (no ring)
Stlth    +++.......             (no ring)
HPRegen  0.07/turn              (no ring)
MPRegen  0.10/turn              (no ring)
                                (no ring)
                                (no ring)

@: no status effects
A: almost no armour, stealthy swim, amphibious, 8 rings, constrict 8, camouflage
1, gelatinous body 1
a: no special abilities


You were on level 2 of the Dungeon.
You were hungry.

You visited 1 branch of the dungeon, and saw 2 of its levels.

You collected 31 gold pieces.

Inventory:

Jewellery
 f - an uncursed ring of fire
Scrolls
 d - a scroll of remove curse
Comestibles
 c - 2 rations


   Skills:
 - Level 2.0 Dodging
 - Level 2.6 Stealth
 + Level 2.8 Spellcasting
   Level 1.0 Transmutations
 + Level 3.7 Earth Magic


You had 3 spell levels left.
You knew the following spells:

 Your Spells              Type           Power        Failure   Level  Hunger
a - Sandblast             Erth           ###...       3%          1    None
b - Stone Arrow           Conj/Erth      #.....       22%         3    ###....


Dungeon Overview and Level Annotations

Branches:
Dungeon (2/15)

Altars:


Innate Abilities, Weirdness & Mutations

You cannot wear most types of armour.
You are very stealthy in the water. (Stealth+)
You are amphibious.
You can wear up to eight rings at the same time.
You can use your tentacles to constrict eight enemies at once.
Your skin changes colour to match your surroundings (Stealth+).
Your rubbery body absorbs attacks. (AC +1, EV +1)


Message History

The hobgoblin closely misses you.
As you read the scroll labeled JEIXUA JEIPORO, it crumbles to dust.
It is a scroll of identify.
f - an uncursed ring of fire The goblin hits you.
* * * LOW HITPOINT WARNING * * *
The hobgoblin hits you with a club.
* * * LOW HITPOINT WARNING * * *
Put on which piece of jewellery? (? for menu, Esc to quit)
Okay, then.
You aren't carrying any potions.
Unknown command.
Casting: Stone Arrow (safe; 22% risk of failure)
Confirm with . or Enter, or press ? or * to list all spells.
Aiming: Stone Arrow (safe; 22% risk of failure)
Press: ? - help, Shift-Dir - straight line, f - hobgoblin
Aim: a hobgoblin, wielding a club The stone arrow misses the hobgoblin.
The goblin closely misses you. The hobgoblin hits you with a club.
You die...

##...#...#####...###
##..............###
#..............##
#$.............# #
#..............#..
##..............?#
##...#........##
########gg...#
#@....# #.....#
#.....# #######


You could see a hobgoblin and a goblin.

Vanquished Creatures
  2 dart slugs (D:1)
  A leopard gecko (D:1)
  4 bats (D:1)
  A giant cockroach (D:1)
  5 goblins
  3 hobgoblins
  6 jackals (D:1)
  A kobold (D:1)
  3 frilled lizards (D:1)
  3 rats (D:1)
29 creatures vanquished.

Notes
Turn   | Place    | Note
-------+----------+-------------------------------------------
     0 | D:1      | varam the Octopode Earth Elementalist began the quest for the Orb.
     0 | D:1      | Reached XP level 1. HP: 11/11 MP: 3/3
   157 | D:1      | Reached XP level 2. HP: 16/17 MP: 0/5
   597 | D:1      | Reached XP level 3. HP: 19/21 MP: 6/6
   640 | D:1      | Learned a level 3 spell: Stone Arrow
  1158 | D:2      | Slain by a hobgoblin

Vault maps used:
D:1:      dpeg_arrival_tiny_k, serial_bayou, serial_bayou_ford_a,
          serial_bayou_pond_a, serial_bayou_lagoon_a, serial_bayou_crossing,
          serial_bayou_pond_c, serial_bayou_pond_a
D:2:      uniq_robin

Action                   || total
-------------------------++-------
Melee: Unarmed           ||    16
       Constrict         ||     7
       Tentacles         ||     1
 Cast: Sandblast         ||    30
       Stone Arrow       ||     7
  Use: Scroll            ||     2
 Stab: Sleeping          ||     1
  Eat: Chunk             ||     1
Armor: Skin              ||     5
Dodge: Dodged            ||    27

Table legend:
 A = Spawn XP
 B = Non-spawn XP
 C = Spawn XP percentage of total XP
 D = Spawn monster count
 E = Non-spawn monster count
 F = Spawn count percentage of total count
 G = Total turns spent on level
                    A         B        C        D         E        F      G
               +---------+---------+-------+---------+---------+-------+---------
         Total |       0 |      57 |   0.0 |       0 |      29 |   0.0 |  1158
               +---------+---------+-------+---------+---------+-------+---------
           D:1 |       0 |      53 |   0.0 |       0 |      27 |   0.0 |  1079
           D:2 |       0 |       4 |   0.0 |       0 |       2 |   0.0 |    79
               +---------+---------+-------+---------+---------+-------+---------
